Map: Solaris LE

Players

SubN

  • Race: Zerg Zerg
  • League: Diamond
  • Spawn Location: 1:00

Player - Winner!

  • Race: Terran Terran
  • League: Diamond
  • Spawn Location: 7:00

VOD

Have the link to the VOD?

Description

Time

  • Played on: Jan. 22, 2024, 6:07 p.m.
  • Length: 9:34
Show
View Real Time Build Order
Export as new Build Order

SubN Zerg 

Build Orders: Pool First 

Get SALT Encoding   

  12  0:00  Drone  
  13  0:12  Overlord  
  13  0:18  Drone  
  14  0:30  Drone x2  
  16  0:46  Drone, Spawning Pool  
  16  0:48  Drone  
  17  1:29  Drone  
  19  1:32  Drone  
  19  1:36  Hatchery  
  18  1:41  Queen  
  18  1:43  Zergling x4  
  22  1:51  Extractor  
  22  1:52  Overlord  
  21  2:04  Zergling x2  
  22  2:14  Drone  
  23  2:27  Queen  
  25  2:33  Zergling x2  
  25  2:50  Queen  
  27  2:53  Drone x2  
  29  3:09  Drone x4  
  32  3:17  Metabolic Boost  
  32  3:20  Drone  
  33  3:30  Drone  
  34  3:36  Overlord  
  34  3:37  Overlord  
  34  3:50  Drone x2  
  34  3:54  Overlord  
  36  4:05  Queen  
  36  4:11  Drone x4  
  36  4:13  Lair  
  40  4:26  Baneling Nest  
  40  4:29  Drone x4  
  40  4:30  Drone  
  44  4:39  Roach Warren  
  44  4:40  Drone  
  44  4:41  Overlord x2  
  44  4:42  Overlord  
  44  4:57  Overlord x5  
  44  4:59  Queen  
  46  5:01  Extractor  
  46  5:02  Extractor  
  46  5:03  Drone  
  45  5:08  Zergling x2  
  46  5:17  Zergling x2  
  46  5:18  Zergling x10  
  46  5:20  Glial Reconstitution  
  52  5:38  Roach x3  
  52  5:39  Roach  
  60  5:43  Hatchery, Baneling  
  60  5:49  Drone x6  
  60  6:06  Zergling x2  
  60  6:07  Zergling x8  
  64  6:22  Zergling x6  
  64  6:25  Hatchery  
  63  6:46  Hatchery  
  62  6:48  Extractor  
  61  6:55  Drone x2  
  61  6:56  Drone x2  
  61  6:57  Drone x2  
  67  7:02  Hydralisk Den  
  67  7:03  Drone  
  67  7:06  Drone  
  68  7:11  Drone x3, Evolution Chamber  
  68  7:12  Evolution Chamber  
  68  7:14  Ravager  
  68  7:15  Ravager x3  
  73  7:25  Zergling x2  
  73  7:26  Zergling x6  
  73  7:27  Baneling  
  73  7:28  Baneling x11  
  71  7:34  Spore Crawler  
  57  7:46  Spore Crawler  
  57  7:48  Muscular Augments  
  54  7:57  Drone x4  
  58  8:07  Spore Crawler  
  57  8:16  Drone  
  58  8:20  Drone  
  58  8:23  Drone  
  60  8:30  Drone  
  57  8:52  Drone x2  
  57  8:53  Drone x3  
  62  9:11  Drone  
  62  9:15  Drone  
  62  9:16  Drone  
  65  9:20  Drone  
  65  9:21  Drone  
Show
View Real Time Build Order
Export as new Build Order

Player Terran - Winner!

Build Orders: Reaper Expand 

Get SALT Encoding   

  12  0:00  SCV  
  13  0:12  SCV  
  14  0:18  Supply Depot  
  14  0:26  SCV  
  15  0:39  SCV  
  15  0:41  Barracks  
  16  0:49  Engineering Bay  
  16  0:53  SCV  
  17  0:59  Refinery  
  17  1:05  SCV  
  18  1:17  SCV  
  19  1:33  Orbital Command  
  19  1:43  Command Center  
  19  1:48  Reaper  
  19  1:53  Supply Depot  
  20  1:58  Refinery  
  20  2:02  SCV  
  21  2:11  Barracks  
  21  2:17  SCV  
  22  2:26  Factory  
  22  2:29  SCV  
  23  2:32  Barracks Reactor  
  24  2:44  SCV  
  24  2:55  Orbital Command  
  24  2:56  SCV  
  25  3:00  Barracks Tech Lab  
  25  3:09  SCV  
  26  3:14  Marine x2  
  26  3:17  Factory Reactor  
  26  3:19  Starport  
  28  3:22  SCV x2  
  30  3:29  Marine  
  30  3:31  Marine  
  30  3:33  Marine  
  33  3:38  Stimpack  
  33  3:45  Orbital Command, SCV  
  34  3:51  Marine x2  
  36  4:00  Marine  
  37  4:13  Marine x2  
  39  4:32  Supply Depot  
  39  4:34  Supply Depot x2  
  39  4:35  Supply Depot  
  39  4:37  Marine x3  
  42  4:43  Supply Depot, SCV x2  
  41  4:45  Medivac  
  44  4:47  Factory Tech Lab  
  46  4:53  Medivac  
  46  4:55  SCV x2  
  50  5:05  Marine x3  
  50  5:06  Siege Tank  
  56  5:07  SCV x2  
  58  5:14  Refinery  
  58  5:16  Refinery  
  58  5:20  Command Center  
  58  5:32  Marine x3  
  58  5:34  SCV x2  
  63  5:44  Siege Tank  
  63  5:49  Barracks  
  66  5:50  Barracks, SCV  
  66  5:53  Supply Depot x2  
  67  5:59  Liberator x2  
  70  6:11  Marine x3  
  73  6:21  Siege Tank  
  76  6:29  Barracks, Marine  
  76  6:31  Barracks  
  72  6:36  Orbital Command  
  72  6:40  Barracks Reactor  
  72  6:42  Barracks Reactor  
  73  6:47  SCV x2  
  74  6:56  Siege Tank  
  74  7:01  Supply Depot x2  
  77  7:14  Marine x3  
  80  7:17  Medivac x2  
  80  7:21  Orbital Command  
  84  7:27  SCV  
  85  7:32  Command Center  
  85  7:44  Barracks Tech Lab, Barracks Reactor  
  85  7:47  Medivac x2  
  89  7:55  Marine x4  
  89  7:56  Marauder  
  95  7:58  SCV  
  95  8:00  SCV  
  97  8:10  Concussive Shells  
  97  8:17  SCV x2  
  99  8:20  SCV  
  99  8:21  Marine x2  
  99  8:22  Marauder x2  
  96  8:57  SCV x2  
  96  8:59  Marauder, Marine x2  
  96  9:00  Refinery x2, Marine x3  
  105  9:05  Supply Depot  
  105  9:06  Marauder, Supply Depot, Marine x3  
Tags
 
Add a new tag
Caveats
  • Supply blocks, unpowered buildings, or Contaminate may cause inaccurate times.
  • Supply counts are checked every 10 seconds.